AoeStats
← bayon

Arabia

510399069Analyzed
1v1 RM · 1d ago on Sep 30, 2026· 31m 20s· 2 players
Game mode
Random Map
Map size
Tiny (2 player)
Population
200
Speed
Normal
Resources
Standard
Victory
Conquest
Starting age
Dark Age
Ending age
Imperial Age
RankedLock teamsTeams togetherTeam positionsShared explorationLock speedFull tech treeHidden civsTurbo modeCheats
Victory
Defeat
🇵🇹 Mongols · Portugal
859
+16
🇺🇸 Spanish · United States
869
-43
bayon
7:14 Loom
9:41 Feudal Age
10:26 Double-Bit Axe
10:23 Horse Collar
17:15 Scale Barding Armor
18:17 Gold Mining
21:52 Castle Age
22:34 Crossbowman
23:25 Husbandry
23:38 Bloodlines
23:51 Chain Barding Armor
23:44 Bow Saw
23:35 Heavy Plow
25:09 Wheelbarrow
26:45 Padded Archer Armor
27:18 Fletching
27:43 Leather Archer Armor
28:23 Stone Mining
28:47 Bodkin Arrow
SALTineKracker17
12:49 Feudal Age
28:29 Double-Bit Axe
Connection lost

Rejoining the realm…

Still unreachable

The connection could not be restored.

Session expired

The server has moved on; the page needs a fresh start.